 Dungeon Crawl Stone Soup version 0.29.1-14-g9c671dbff4 (webtiles) character file.

Game seed: 9405109756947533010

103 Thatpatchoflichen the Slasher (level 5, -1/41 HPs)
             Began as a Human Gladiator on Feb 16, 2023.
             Slain by a scorpion (4 damage)
             ... on level 4 of the Dungeon.
             The game lasted 00:04:22 (3581 turns).

Thatpatchoflichen the Slasher (Human Gladiator)     Turns: 3581, Time: 00:04:23

Health: -1/41      AC:  7    Str: 14    XL:     5   Next: 6%
Magic:  5/5        EV: 13    Int:  9    God:
Gold:   180        SH:  0    Dex: 16    Spells: 4/4 levels left

rFire   . . .      SeeInvis .   a - +0 long sword
rCold   . . .      Faith    .   (no shield)
rNeg    . . .      Spirit   .   b - +0 leather armour
rPois   .          Reflect  .   p - +2 helmet
rElec   .          Harm     .   (no cloak)
rCorr   .          Rampage  .   (no gloves)
Will    .....                   r - +0 pair of boots
Stlth   +.........              (no amulet)
HPRegen 0.13/turn               (no ring)
MPRegen 0.09/turn               (no ring)

@: lethally poisoned (-1 -> -8)
A: no striking features
a: no special abilities


You were on level 4 of the Dungeon.
You visited 1 branch of the dungeon, and saw 4 of its levels.

You collected 180 gold pieces.

Inventory:

Hand Weapons
 a - a +0 long sword (weapon)
 c - a +3 sling
Missiles
 d - 3 throwing nets (quivered)
 e - a javelin
Armour
 b - a +0 leather armour (worn)
 i - a +0 ring mail
 p - a +2 helmet (worn)
 r - a +0 pair of boots (worn)
 v - a +0 chain mail
Jewellery
 u - an amulet of faith
Scrolls
 h - 2 scrolls of teleportation {unknown}
 j - 4 scrolls of identify {unknown}
 k - 2 scrolls of magic mapping {unknown}
 l - a scroll of enchant armour {unknown}
 m - 2 scrolls of vulnerability {unknown}
 t - a scroll of blinking {unknown}
Potions
 f - a potion of magic {unknown}
 g - a potion of might {unknown}
 n - a potion of flight {unknown}
 o - 2 potions of curing
 q - a potion of mutation {unknown}
 s - a potion of heal wounds {unknown}


   Skills:
 + Level 3.0 Fighting
 + Level 3.7 Long Blades
 - Level 2.0 Throwing
 + Level 1.6 Armour
 + Level 3.7 Dodging


You had 4 spell levels left.
You didn't know any spells.
Your spell library contained the following spells:

 Spells                   Type           Power      Damage    Failure   Level
 Magic Dart               Conj           0%         1d3       45%         1
 Call Imp                 Summ           0%         N/A       58%         2
 Mephitic Cloud           Conj/Pois/Air  0%         N/A       83%         3


Dungeon Overview and Level Annotations

Branches:
Dungeon (4/15)
 Temple: D:4-7

Altars:


Message History

* * * LOW HITPOINT WARNING * * *
You feel very sick.
The scorpion stings you but does no damage.
It was a potion of curing.
You feel better. The scorpion closely misses you.
You closely miss the scorpion.
The scorpion is almost dead.
The scorpion completely misses you. x2
You completely miss the scorpion.
The scorpion is almost dead.
The scorpion stings you.
* * * LOW HITPOINT WARNING * * *
You closely miss the scorpion.
The scorpion is almost dead.
The scorpion stings you but does no damage.
The scorpion stings you.
* * * LOW HITPOINT WARNING * * *
You feel better. The scorpion closely misses you.
You barely miss the scorpion.
The scorpion is almost dead.
The scorpion misses you.
You closely miss the scorpion.
The scorpion is almost dead.
The scorpion completely misses you. The scorpion stings you.
* * * LOW HITPOINT WARNING * * *
You hit the scorpion but do no damage.
The scorpion is almost dead.
The scorpion stings you.
* * * LOW HITPOINT WARNING * * *
You are lethally poisoned!
The scorpion poisons you!
You closely miss the scorpion.
The scorpion is almost dead.
* * * LOW HITPOINT WARNING * * *
You feel very sick. The scorpion completely misses you.
The scorpion closely misses you.
You hit the scorpion.
The scorpion is almost dead.
* * * LOW HITPOINT WARNING * * *
You feel sick. The scorpion stings you.
You die...

#######
#<)...#####
#####.#...
#.#.## #....#
#.# #....#
#....##.##....#
#...s@# .##.#
##..### # #
..... #.### #


You could see a scorpion.

Vanquished Creatures
  3 adders
  3 worms
  2 dart slugs
  5 ball pythons
  3 endoplasms
  3 giant cockroaches
  5 goblins
  8 hobgoblins
  3 jackals
  4 quokkas
  7 bats
  6 frilled lizards
  3 kobolds (D:1)
  7 rats
62 creatures vanquished.

Notes
Turn   | Place    | Note
-------+----------+-------------------------------------------
     0 | D:1      | Thatpatchoflichen the Human Gladiator began the quest for
                  | the Orb.
     0 | D:1      | Reached XP level 1. HP: 16/16 MP: 1/1
   298 | D:1      | Reached XP level 2. HP: 17/22 MP: 2/2
   757 | D:1      | Found a faded altar of an unknown god.
   777 | D:2      | Reached XP level 3. HP: 11/28 MP: 3/3
  1542 | D:2      | Reached skill level 1 in Armour
  1853 | D:2      | Reached XP level 4. HP: 30/34 MP: 4/4
  3034 | D:3      | Reached XP level 5. HP: 34/40 MP: 5/5
  3571 | D:4      | HP: 2/41 [poisoned by a scorpion]
  3581 | D:4      | Slain by a scorpion

Illustrated notes

Levels and vault maps discovered:
D:1:      dpeg_arrival_brainrot, layout_loops_cross,
          hellmonk_ecumenical_altar_lost_god
D:2:      layout_rooms
D:3:      layout_loops_corners, kennysheep_flooded_box, hangedman_glass_teeth
D:4:      layout_basic, grunt_gozag_statues, serial_shops, shop, uniq_grinder,
          uniq_eustachio

Skill      XL: |  1  2  3  4  5 |
---------------+----------------+-----
Armour         | 1 |  1.6
Fighting       | 3 |  3.0
Long Blades    | |  3.7
Throwing       | |  2.0
Dodging        | |  3.7

Action                   |  1- 3 |  4- 6 || total
-------------------------+-------+-------++-------
Melee: Long sword        |   121 |   107 ||   228
       Punch             |     1 |     1 ||     2
  Use: Potion            |       |     2 ||     2
Armor: Leather armour    |    46 |    42 ||    88
Dodge: Dodged            |   113 |    93 ||   206
